 Dungeon Crawl Stone Soup version 0.23.2-40-g277498a001 (webtiles) character file.

Game seed: 51451670233182466

127 Emblim88 the Grasshopper (level 5, -1/43 HPs)
             Began as a Gnoll Warper on Aug 25, 2019.
             Was an Initiate of Vehumet.
             Killed by divine providence
             ... invoked by an orc priest
              (12 damage)
             ... on level 6 of the Dungeon.
             The game lasted 00:03:42 (1964 turns).

Emblim88 the Grasshopper (Gnoll Warper)             Turns: 1964, Time: 00:03:42

Health: -1/43      AC:  4    Str: 13    XL:     5   Next: 11%
Magic:  12/12      EV: 14    Int: 16    God:    Vehumet [......]
Gold:   143        SH:  0    Dex: 15    Spells: 7/14 levels left

rFire    . . .     SeeInvis .   a - +0 falchion
rCold    . . .     Gourm    .   (no shield)
rNeg     . . .     Faith    .   b - +0 leather armour
rPois    +         Spirit   .   (no helmet)
rElec    .         Reflect  .   (no cloak)
rCorr    .         Harm     .   (no gloves)
MR       .....                  p - +0 pair of boots
Stlth    ++........             (no amulet)
HPRegen  0.14/turn              r - ring of poison resistance
MPRegen  0.13/turn              (no ring)

@: very slightly contaminated
A: distributed training, fangs 1, strong nose
a: Renounce Religion


You were on level 6 of the Dungeon.
You worshipped Vehumet.
Vehumet was noncommittal.
You were not hungry.

You visited 1 branch of the dungeon, and saw 4 of its levels.

You collected 143 gold pieces.

Inventory:

Hand Weapons
 a - a +0 falchion (weapon)
Missiles
 e - 5 tomahawks of dispersal (quivered)
 j - 25 poisoned needles
 u - 37 sling bullets
 v - 2 tomahawks
Armour
 b - a +0 leather armour (worn)
 h - a +0 large shield
 p - a +0 pair of boots (worn)
Jewellery
 r - a ring of poison resistance (left hand)
Scrolls
 l - a scroll of remove curse {unknown}
 q - 2 scrolls of identify {unknown}
Potions
 c - a potion of brilliance {unknown}
 g - a potion of degeneration {unknown}
 i - a potion of berserk rage {unknown}
 k - a potion of curing {unknown}
 m - a potion of resistance {unknown}
 n - a potion of might {unknown}
 o - a potion of lignification
 s - a potion of haste {unknown}
 t - a potion of heal wounds {unknown}
Comestibles
 f - 4 rations


   Skills:
 + Level 4.7 Fighting
 + Level 1.3 Short Blades
 + Level 4.7 Long Blades
 + Level 1.3 Axes
 + Level 1.3 Maces & Flails
 + Level 1.3 Polearms
 + Level 1.3 Staves
 + Level 1.3 Slings
 + Level 1.3 Bows
 + Level 1.3 Crossbows
 + Level 2.8 Throwing
 + Level 2.8 Armour
 + Level 4.7 Dodging
 + Level 1.3 Stealth
 + Level 1.3 Shields
 + Level 1.3 Unarmed Combat
 + Level 5.1 Spellcasting
 + Level 1.0 Conjurations
 + Level 1.0 Hexes
 + Level 1.0 Charms
 + Level 1.0 Summonings
 + Level 1.0 Necromancy
 + Level 5.5 Translocations
 + Level 1.0 Transmutations
 + Level 1.0 Fire Magic
 + Level 1.0 Ice Magic
 + Level 1.0 Air Magic
 + Level 1.0 Earth Magic
 + Level 1.0 Poison Magic
 + Level 1.4 Invocations
 + Level 1.3 Evocations


You had 7 spell levels left.
You knew the following spells:

 Your Spells              Type           Power        Failure   Level  Hunger
a - Blink                 Tloc           N/A          3%          2    #......
b - Shroud of Golubria    Chrm/Tloc      ##........   8%          2    #......
c - Teleport Other        Tloc           ###.....     6%          3    ###....

Your spell library contained the following spells:

 Spells                   Type           Power        Failure   Level  Hunger
 Gell's Gravitas          Tloc           ###.......   6%          3    ###....
 Lesser Beckoning         Tloc           ###.......   6%          3    ###....
 Passage of Golubria      Tloc           N/A          21%         4    ####...


Dungeon Overview and Level Annotations

Branches:
Dungeon (3/15)

Altars:
Elyvilon
Nemelex Xobeh
Okawaru
Trog
Vehumet
Yredelemnul
Zin
The Shining One


Innate Abilities, Weirdness & Mutations

Your experience applies equally to all skills.
You have very sharp teeth.
Your uncanny sense of smell can sniff out nearby items.


Message History

You hit the orc priest but do no damage.
The orc priest barely misses you.
The orc warrior hits you with a +0 hand axe.
You hit the orc priest.
The orc priest is moderately wounded.
The orc priest hits you but does no damage.
The orc warrior hits you with a +0 hand axe.
Blink to where?
Press: ? - help, Dir - move target cursor You are very lightly contaminated with residual magic.
As you read the scroll of blinking, it crumbles to dust.
An orc wizard comes into view. It is wielding a +0 dagger.
The orc priest mumbles some strange prayers to Beogh against you.
Beogh smites you!
* * * LOW HITPOINT WARNING * * *
The orc wizard shouts!
Found a rapier.
The orc priest invokes the aid of Beogh against you.
Beogh smites you!
You die...

#.##
##....#....... ∆
##.###..o....
..... ##o#...##.#
..o. ##.o.....#
#... ####.#..##.#
#... #
.......o...# #...
###.########.####
#...
..)....#####o#
##.# #.@...o.####
####.#
#####......#
#..)!# #.####.#
#.#### #.####.#
#.# #.#....# #.#
#.#.##.###.####
#.# #..>......
#......######.#
###..... #


You could see an orc warrior and an orc priest.

Vanquished Creatures
  An orc wizard (D:6)
  A worker ant (D:6)
  2 adders
  2 oozes
  A worm (D:2)
  A dart slug (D:2)
  A leopard gecko (D:1)
  4 orcs
  A giant cockroach (D:1)
  3 hobgoblins (D:1)
  7 kobolds
  A quokka (D:2)
  5 bats
  5 frilled lizards
  4 goblins (D:1)
  3 rats (D:1)
42 creatures vanquished.

Notes
Turn   | Place    | Note
-------+----------+-------------------------------------------
     0 | D:1      | Emblim88 the Gnoll Warper began the quest for the Orb.
     0 | D:1      | Reached XP level 1. HP: 20/20 MP: 6/6
    88 | D:1      | Reached XP level 2. HP: 20/26 MP: 7/7
   516 | D:1      | Reached XP level 3. HP: 31/31 MP: 9/9
   520 | D:1      | Learned a level 2 spell: Blink
   523 | D:1      | Learned a level 2 spell: Shroud of Golubria
   527 | D:1      | Learned a level 3 spell: Teleport Other
   555 | D:1      | Reached skill level 5 in Spellcasting
   895 | D:2      | Found a glowing golden altar of the Shining One.
   909 | D:2      | Found a sparkling altar of Nemelex Xobeh.
   927 | D:2      | Reached skill level 1 in Invocations
  1304 | D:2      | Found a white marble altar of Elyvilon.
  1541 | D:3      | Found an iron altar of Okawaru.
  1576 | D:3      | Found a glowing silver altar of Zin.
  1578 | D:3      | Found a bloodstained altar of Trog.
  1578 | D:3      | Found a basalt altar of Yredelemnul.
  1581 | D:3      | Found a radiant altar of Vehumet.
  1590 | D:3      | Became a worshipper of Vehumet
  1626 | D:3      | Reached skill level 1 in Short Blades
  1626 | D:3      | Reached skill level 1 in Axes
  1626 | D:3      | Reached skill level 1 in Maces & Flails
  1626 | D:3      | Reached skill level 1 in Polearms
  1626 | D:3      | Reached skill level 1 in Staves
  1626 | D:3      | Reached skill level 1 in Slings
  1626 | D:3      | Reached skill level 1 in Bows
  1626 | D:3      | Reached skill level 1 in Crossbows
  1626 | D:3      | Reached skill level 1 in Stealth
  1626 | D:3      | Reached skill level 1 in Shields
  1626 | D:3      | Reached skill level 1 in Unarmed Combat
  1626 | D:3      | Reached skill level 1 in Evocations
  1644 | D:3      | Reached XP level 4. HP: 16/38 MP: 11/11
  1820 | D:3      | You fall through a shaft for 3 floors!
  1841 | D:6      | Reached skill level 1 in Conjurations
  1841 | D:6      | Reached skill level 1 in Hexes
  1841 | D:6      | Reached skill level 1 in Charms
  1841 | D:6      | Reached skill level 1 in Summonings
  1841 | D:6      | Reached skill level 1 in Necromancy
  1841 | D:6      | Reached skill level 1 in Transmutations
  1841 | D:6      | Reached skill level 1 in Fire Magic
  1841 | D:6      | Reached skill level 1 in Ice Magic
  1841 | D:6      | Reached skill level 1 in Air Magic
  1841 | D:6      | Reached skill level 1 in Earth Magic
  1841 | D:6      | Reached skill level 1 in Poison Magic
  1862 | D:6      | Reached XP level 5. HP: 13/43 MP: 9/12
  1871 | D:6      | Noticed an orc warrior
  1964 | D:6      | Killed from afar by an orc priest

Skill      XL: |  1  2  3  4 |
---------------+-------------+-----
Spellcasting   | 5 |  5.1
Invocations    | 1 |  1.4
Short Blades   | 1 |  1.3
Axes           | 1 |  1.3
Maces & Flails | 1 |  1.3
Polearms       | 1 |  1.3
Staves         | 1 |  1.3
Slings         | 1 |  1.3
Bows           | 1 |  1.3
Crossbows      | 1 |  1.3
Stealth        | 1 |  1.3
Shields        | 1 |  1.3
Unarmed Combat | 1 |  1.3
Evocations     | 1 |  1.3
Conjurations   | 1 |  1.0
Hexes          | 1 |  1.0
Charms         | 1 |  1.0
Summonings     | 1 |  1.0
Necromancy     | 1 |  1.0
Transmutations | 1 |  1.0
Fire Magic     | 1 |  1.0
Ice Magic      | 1 |  1.0
Air Magic      | 1 |  1.0
Earth Magic    | 1 |  1.0
Poison Magic   | 1 |  1.0
Fighting       | |  4.7
Long Blades    | |  4.7
Throwing       | |  2.8
Armour         | |  2.8
Dodging        | |  4.7
Translocations | |  5.5

Action                   |  1- 3 |  4- 6 || total
-------------------------+-------+-------++-------
Melee: Falchion          |   102 |    45 ||   147
       Bite              |    11 |     3 ||    14
       Punch             |     1 |     1 ||     2
 Cast: Shroud of Golubri |       |     2 ||     2
  Use: Potion            |       |     1 ||     1
       Scroll            |       |     1 ||     1
 Stab: Sleeping          |     1 |       ||     1
  Eat: Chunk             |     1 |       ||     1
       Ration            |       |     1 ||     1
Armor: Leather armour    |    20 |     9 ||    29
       Skin              |       |     7 ||     7
Dodge: Dodged            |    85 |    26 ||   111
       Rpst.: Falchion   |    25 |     8 ||    33
